 Dungeon Crawl Stone Soup version 0.29-a0-1039-gfc20370e89 (webtiles) character file.

Game seed: 877226475139262601

137 BritishOli the Trooper (level 5, -6/42 HPs)
             Began as a Demonspawn Fighter on Aug 15, 2022.
             Mangled by an iguana (9 damage)
             ... on level 4 of the Dungeon.
             The game lasted 00:02:57 (2738 turns).

BritishOli the Trooper (Demonspawn Fighter)         Turns: 2738, Time: 00:02:57

Health: -6/42      AC:  6    Str: 18    XL:     5   Next: 0%
Magic:  5/5        EV:  9    Int:  9    God:
Gold:   147        SH:  5    Dex: 15    Spells: 4/4 levels left

rFire   . . .      SeeInvis .   a - +0 long sword
rCold   . . .      Faith    .   c - +0 buckler
rNeg    . . .      Spirit   .   b - +0 scale mail
rPois   .          Reflect  .   (no helmet)
rElec   .          Harm     .   (no cloak)
rCorr   .          Rampage  .   (no gloves)
Will    .....                   (no boots)
Stlth   +.........              n - amulet of magic regeneration
HPRegen 0.14/turn               (no ring)
MPRegen 0.49/turn               (no ring)

@: no status effects
A: thin skeletal structure 1, foul stench 1
a: no special abilities


You were on level 4 of the Dungeon.
You visited 1 branch of the dungeon, and saw 5 of its levels.

You collected 147 gold pieces.

Inventory:

Hand Weapons
 a - a +0 long sword (weapon)
Armour
 b - a +0 scale mail (worn)
 c - a +0 buckler (worn)
Jewellery
 n - an amulet of magic regeneration (around neck)
 x - a ring of protection from fire
 y - a +6 ring of strength
Scrolls
 e - a scroll of teleportation {unknown}
 f - 4 scrolls of amnesia {unknown}
 g - 2 scrolls of magic mapping {unknown}
 h - 2 scrolls of fear {unknown}
 k - 2 scrolls of enchant armour {unknown}
 l - 7 scrolls of identify {unknown}
 m - a scroll of noise {unknown}
 p - 3 scrolls of butterflies {unknown}
 s - a scroll of torment {unknown}
 u - a scroll of poison {unknown}
 w - a scroll of acquirement {unknown}
 z - a scroll of vulnerability {unknown}
Potions
 d - a potion of might
 i - a potion of mutation {unknown}
 j - 2 potions of curing {unknown}
 o - a potion of invisibility {unknown}
 q - a potion of lignification {unknown}
 r - 2 potions of degeneration {unknown}
 t - a potion of ambrosia {unknown}
 v - a potion of cancellation {unknown}


   Skills:
 + Level 3.8 Fighting
 + Level 2.8 Long Blades
 + Level 3.4 Armour
 + Level 3.4 Shields


You had 4 spell levels left.
You didn't know any spells.
Your spell library was empty.

Dungeon Overview and Level Annotations

Branches:
Dungeon (5/15)
 Temple: D:4-7

Altars:

Shops:
D:2 =


Innate Abilities, Weirdness & Mutations

You have a somewhat thin skeletal structure. (Dex +2, Stealth+)
You may rarely emit foul miasma when damaged in melee.


Message History

You hit the dart slug.
The dart slug is lightly wounded.
The dart slug launches a dart at you. The slug dart hits you.
* * * LOW HITPOINT WARNING * * *
You slash the dart slug!
The dart slug is almost dead.
You block the dart slug's attack.
You slash the dart slug!
You kill the dart slug!
The goblin barely misses you.
You closely miss the goblin. The goblin hits you with a +0 club.
* * * LOW HITPOINT WARNING * * *
You hit the goblin.
The goblin is heavily wounded.
The goblin hits you but does no damage. The goblin hits you with a +0 club.
* * * LOW HITPOINT WARNING * * *
You emit a cloud of foul miasma!
You closely miss the goblin.
The goblin is moderately wounded.
The goblin is engulfed in dark miasma.
The goblin is poisoned.
The goblin seems to slow down.
You kill the goblin!
You have reached level 5!
There is a stone staircase leading down here.
You climb downwards.
The orc wizard shouts!
The orc shouts!
The orc priest shouts!
The orc shouts!
Found a robe, a bubbling clear potion and 3 gold pieces.
There is a stone staircase leading up here.
You can't go down here!
You climb upwards.
You hear the sound of rushing water.
There is an entrance to a sewer on this level.
Hurry and find it before the portal rusts away!
There is a stone staircase leading down here.
You hit the iguana.
The iguana is lightly wounded.
The iguana bites you.
* * * LOW HITPOINT WARNING * * *
The iguana bites you!
You die...

.l...
#..........#
..).
#.......<..#
.$#
##..w.....##
. ##..l...##
# ####.#.#
#.## #...#
#...####.l##
#...###g.#
#@.##S.###
##l#o....#
#[#.r...#
#.......#
##......#
##.....#
##....#
.....#
..#..#


You could see an iguana.

Vanquished Creatures
  5 adders
  An ufetubus (D:4)
  2 worms
  3 dart slugs
  An orc (D:4)
  7 endoplasms
  4 giant cockroaches
  7 goblins
  5 hobgoblins
  4 jackals (D:1)
  8 kobolds
  2 quokkas
  9 ball pythons
  4 bats
  4 frilled lizards
  3 rats
69 creatures vanquished.

Notes
Turn   | Place    | Note
-------+----------+-------------------------------------------
     0 | D:1      | BritishOli the Demonspawn Fighter began the quest for the
                  | Orb.
     0 | D:1      | Reached XP level 1. HP: 18/18 MP: 1/1
   156 | D:1      | Gained mutation: You have a somewhat thin skeletal
                  | structure. (Dex +2, Stealth+) [demonic ancestry]
   156 | D:1      | Reached XP level 2. HP: 18/24 MP: 2/2
   668 | D:1      | Gained mutation: You may rarely emit foul miasma when
                  | damaged in melee. [demonic ancestry]
   668 | D:1      | Reached XP level 3. HP: 23/29 MP: 3/3
   773 | D:1      | Found a faded altar of an unknown god.
  1274 | D:2      | Reached XP level 4. HP: 18/35 MP: 4/4
  1757 | D:2      | Found Tiedd's Jewellery Shop.
  2731 | D:4      | Reached XP level 5. HP: 4/42 MP: 5/5
  2735 | D:5      | Entered Level 5 of the Dungeon
  2738 | D:4      | Mangled by an iguana

Illustrated notes

Levels and vault maps discovered:
D:1:      saegor_arrival_miasma, layout_loops_ring,
          ebering_ecumenical_altar_hall, minmay_unequal
D:2:      layout_rooms, serial_shops, shop, minmay_fractal_squares_5
D:3:      layout_rooms
D:4:      layout_rooms, nicolae_wu_jian_wuxing_cycle,
          grunt_dithmenos_smoke_and_mirrors, minmay_temple_entry_mini_moons,
          gup_sewer_entry_bowl, uniq_eustachio
D:5:      layout_basic

Skill      XL: |  1  2 |
---------------+-------+-----
Long Blades    | 2 |  2.8
Armour         | 3 |  3.4
Shields        | 3 |  3.4
Fighting       | |  3.8

Action                   |  1- 3 |  4- 6 || total
-------------------------+-------+-------++-------
Melee: Long sword        |   117 |   104 ||   221
 Stab: Sleeping          |     1 |       ||     1
Armor: Scale mail        |    64 |    59 ||   123
Dodge: Dodged            |    61 |    66 ||   127
Block: Buckler           |    40 |    30 ||    70

Table legend: (Time is in decaauts)
 A = Elapsed time spent in this place.
 B = Non-inter-level travel time spent in this place.
 C = Inter-level travel time spent in this place.
 D = Time resting spent in this place.
 E = Time spent auto-exploring this place.
 F = Levels seen in this place.
 G = Mean time per level.
                   A        B        C        D        E       F      G
               +--------+--------+--------+--------+--------+-----+--------+
         Total |   2808 |   2735 |     73 |    202 |   2044 |   5 |  561.6 |
       Dungeon |   2808 |   2735 |     73 |    202 |   2044 |   5 |  561.6 |
               +--------+--------+--------+--------+--------+-----+--------+

Top non-repeatable levels by time:
     D:1: 1208 daAuts
     D:2: 767 daAuts
     D:3: 750 daAuts
     D:4: 80 daAuts
     D:5: 1 daAuts
